 Dungeon Crawl Stone Soup version 0.17-a0-1637-g5d65775 (webtiles) character file.

338 urechis the Magician (level 6, -2/32 HPs)
             Began as a Gargoyle Wizard on Aug 7, 2015.
             Slain by a white imp (4 damage)
             ... summoned by Eustachio
             ... on level 4 of the Dungeon.
             The game lasted 00:09:14 (4379 turns).

urechis the Magician (Gargoyle Wizard)              Turns: 4379, Time: 00:09:15

Health: -2/32      AC:  7    Str: 10    XL:     6   Next: 55%
Magic:  0/13       EV: 11    Int: 21    God:
Gold:   81         SH:  0    Dex:  8    Spells: 5 memorised, 4 levels left

rFire  . . .     SeeInvis .     a - +6 club
rCold  . . .     Clarity  .     t - +0 robe
rNeg   + . .     SustAt   .     (no shield)
rPois  ∞         Gourm    .     x - +0 hat
rElec  +         Spirit   .     j - +0 cloak
rCorr  .         Warding  .     (no gloves)
rMut   .         Stasis   .     (no boots)
MR     +....                    (no amulet)
Stlth  ++........               (no ring)
                                B - ring of protection from magic

@: somewhat resistant to hostile enchantments, unstealthy
A: negative energy resistance 1, electricity resistance, unbreathing,
petrification resistance, rot immunity, AC +4
a: no special abilities


You were on level 4 of the Dungeon.
You were very hungry.

You visited 1 branch of the dungeon, and saw 4 of its levels.

You collected 81 gold pieces.

Inventory:

Hand weapons
 a - a +6 club (weapon)
 b - a +0 dagger of venom
Armour
 j - a +0 cloak (worn)
 t - a +0 robe (worn)
 x - a +0 hat (worn)
Jewellery
 B - a ring of protection from magic (left hand)
Scrolls
 e - 2 scrolls of remove curse {unknown}
 f - 2 scrolls of amnesia {unknown}
 h - 2 scrolls of enchant armour {unknown}
 i - a scroll of fog {unknown}
 l - 4 scrolls of magic mapping {unknown}
 m - a scroll of blinking {unknown}
 n - 2 scrolls of identify {unknown}
 q - a scroll of enchant weapon {unknown}
 y - a scroll of immolation {unknown}
 z - a scroll of teleportation {unknown}
Potions
 g - 3 potions of lignification {unknown}
 p - a potion of heal wounds {unknown}
 r - a potion of cancellation {unknown}
 u - 3 potions of curing {unknown}
 v - a potion of ambrosia {unknown}
 w - a potion of degeneration {unknown}
 A - 2 potions of haste {unknown}
Books
 c - a book of Minor Magic

   Spells                             Type                      Level
   a - Magic Dart                     Conjuration                  1
   b - Blink                          Translocation                2
   c - Call Imp                       Summoning                    2
   d - Repel Missiles                 Charms/Air                   2
   e - Slow                           Hexes                        2
   f - Conjure Flame                  Conjuration/Fire             3
   g - Mephitic Cloud                 Conjuration/Poison/Air       3
Comestibles
 d - 3 bread rations
 k - 3 meat rations
 o - 12 fruits
 s - 2 beef jerkies


   Skills:
 - Level 1.5 Dodging
 - Level 2.1 Stealth
 + Level 5.2 Spellcasting
 + Level 4.8 Conjurations
   Level 0.8 Summonings
 - Level 0.8 Translocations


You had 4 spell levels left.
You knew the following spells:

 Your Spells              Type           Power        Failure   Level  Hunger
a - Magic Dart            Conj           ####         1%          1    None
b - Blink                 Tloc           N/A          12%         2    None
c - Repel Missiles        Chrm/Air       #.....       17%         2    None
d - Conjure Flame         Conj/Fire      ###.....     14%         3    ##.....
e - Mephitic Cloud        Conj/Pois/Air  ##......     21%         3    ##.....


Dungeon Overview and Level Annotations

Branches:
Dungeon (4/15)
 Temple: D:4-7

Altars:
Dithmenos

Shops:
D:4 !

Annotations:
D:4 Eustachio


Innate Abilities, Weirdness & Mutations

You are resistant to torment.
Your stone body is resilient (AC +4).
You are immune to poison.
You resist negative energy.
You are resistant to electric shocks.
You can survive without breathing.
You are immune to petrification.
You are immune to rotting.


Message History

You closely miss the bat. The bat hits you but does no damage.
The bat barely misses you. The river rat bites you!
* * * LOW HITPOINT WARNING * * *
The bat hits you but does no damage.
You barely miss the bat. The bat hits you but does no damage.
The river rat bites you but does no damage.
The bat hits you but does no damage. The river rat barely misses you.
You hit the bat.
You kill the bat!
The bat's corpse disappears in a puff of smoke!
The river rat bites you.
* * * LOW HITPOINT WARNING * * *
The shadow imp grins evilly.
Casting: Blink
Confirm with . or Enter, or press ? or * to list all spells.
You blink.
The bat hits you but does no damage. The shadow imp barely misses you.
The white imp hits you.
* * * LOW HITPOINT WARNING * * *
The white imp freezes you.
You die...

#....#............
#.##.#.##..###....
#§#..#.##..'∩#....
#.#.##.##..###..##
#r#....<#.........
#.#..#.##......##.
###5#@.#5##########.
#.5b5..#.......@....
#..@.###.#######.#§.
#....+...# #.#.§
#....###.#######.#.#
#....# #.......#.#.#
#....# #.#####.#.#..
#....###'#####.#.#.#
###.....>...........
#........###.#....
#........# #..##


You could see Eustachio, a quasit, a river rat, a white imp, a shadow imp and a
bat.

Vanquished Creatures
  2 scorpions
  A worker ant (D:4)
  Jessica (D:3)
  A hound skeleton (D:4)
  11 adders
  An ooze (D:1)
  3 worms
  4 giant geckos
  An orc (D:3)
  A ball python (D:2)
  6 hobgoblins
  6 jackals (D:3)
  9 kobolds
  A quokka (D:3)
  11 bats
  4 giant cockroaches
  2 giant newts (D:1)
  6 goblins
  10 rats
81 creatures vanquished.

Vanquished Creatures (others)
  A bat (D:2)
1 creature vanquished.

Grand Total: 82 creatures vanquished

Notes
Turn   | Place    | Note
--------------------------------------------------------------
     0 | D:1      | urechis the Gargoyle Wizard began the quest for the Orb.
     0 | D:1      | Reached XP level 1. HP: 10/10 MP: 4/4
    73 | D:1      | Reached XP level 2. HP: 7/15 MP: 1/6
   753 | D:1      | Reached XP level 3. HP: 19/19 MP: 2/8
  1288 | D:2      | Reached XP level 4. HP: 11/24 MP: 4/9
  1496 | D:2      | Reached skill level 4 in Spellcasting
  1712 | D:2      | Found a shadowy altar of Dithmenos.
  1774 | D:2      | Reached XP level 5. HP: 28/28 MP: 8/11
  1906 | D:2      | Learned a level 2 spell: Blink
  2727 | D:2      | Learned a level 2 spell: Repel Missiles
  2731 | D:2      | Learned a level 3 spell: Conjure Flame
  2735 | D:2      | Learned a level 3 spell: Mephitic Cloud
  2742 | D:3      | Noticed Jessica
  2749 | D:3      | Killed Jessica
  3244 | D:3      | Reached XP level 6. HP: 21/32 MP: 13/13
  3281 | D:3      | Reached skill level 5 in Spellcasting
  3431 | D:4      | Found Neulev's Distillery.
  3446 | D:4      | Noticed Eustachio
  4379 | D:4      | Slain by a white imp

Vault maps used:
D:1:      dpeg_arrival_rhombi, fountainhead, corexii_corridor_pit
D:2:      grunt_dithmenos_smoke_and_mirrors, grunt_ministairs_1,
          lemuel_flame_loot_1
D:3:      first_bread, dk_vineyard_1, uniq_jessica
D:4:      old_standard_altar, serial_shops, shop, shop, kennysheep_mini_moat,
          uniq_eustachio

Action                   |  1- 3 |  4- 6 || total
-------------------------+-------+-------++-------
Melee: Short sword       |    33 |    42 ||    75
       Club              |       |   112 ||   112
       Dagger            |       |     5 ||     5
 Cast: Magic Dart        |    68 |    59 ||   127
       Blink             |       |     8 ||     8
  Eat: Chunk             |     1 |     5 ||     6
       Royal jelly       |       |     1 ||     1
       Fruit             |       |     2 ||     2
